 Dungeon Crawl Stone Soup version 0.30-a0-715-gdb4ae3ece1 (webtiles) character file.

Game seed: 7193892205389987536

102 Azfaa the Covered (level 5, -8/41 HPs)
             Began as a Human Fighter on Jan 23, 2023.
             Killed by divine providence
             ... invoked by an orc priest
              (12 damage)
             ... on level 4 of the Dungeon.
             The game lasted 00:08:44 (1501 turns).

Azfaa the Covered (Human Fighter)                   Turns: 1501, Time: 00:08:45

Health: -8/41      AC: 10    Str: 15    XL:     5   Next: 6%
Magic:  7/7        EV:  6    Int:  9    God:
Gold:   136        SH:  5    Dex: 17    Spells: 6/6 levels left

rFire   . . .      SeeInvis .    a - +0 long sword
rCold   . . .      Faith    .    c - +0 buckler
rNeg    . . .      Spirit   .    m - +0 chain mail
rPois   .          Reflect  .    (no helmet)
rElec   .          Harm     .    (no cloak)
rCorr   .          Rampage  .    (no gloves)
Will    .....                    j - +0 pair of boots Stlth
                                 (no amulet)
HPRegen 0.26/turn                (no ring)
MPRegen 0.10/turn                (no ring)

@: very slow
A: hooves 1, agile 1, subdued magic 1
a: no special abilities


You were on level 4 of the Dungeon.
You visited 1 branch of the dungeon, and saw 4 of its levels.

You collected 136 gold pieces.

Inventory:

Hand Weapons
 a - a +0 long sword (weapon)
 n - a +0 hand axe
Missiles
 g - 2 poisoned darts (quivered)
 l - a stone
Armour
 b - a +1 scale mail
 c - a +0 buckler (worn)
 j - a +0 pair of boots (worn)
 m - a +0 chain mail (worn)
 p - a +0 robe
Scrolls
 f - a scroll of immolation
 k - a scroll of fog
 o - a scroll of amnesia
Potions
 d - a potion of might
 e - a potion of brilliance
 h - a potion of flight
 i - a potion of curing


   Skills:
 + Level 3.3 Fighting
 * Level 3.4 Long Blades
 + Level 3.4 Armour
 + Level 3.3 Shields
 * Level 1.4 Spellcasting


You had 6 spell levels left.
You didn't know any spells.
Your spell library was empty.

Dungeon Overview and Level Annotations

Branches:
Dungeon (4/15)
 Temple: D:4-7

Altars:
Cheibriados


Innate Abilities, Weirdness & Mutations

You have large cloven feet.
You are agile. (Dex +4, Str/Int -1)
Your spells are a little easier to cast, but a little less powerful.


Message History

The orc priest invokes the aid of Beogh against you.
Beogh smites you!
The orc priest attacks as you move away!
The orc priest hits you but does no damage.
The orc hits you but does no damage.
You closely miss the orc. The orc hits you but does no damage.
You block the orc's attack.
You slash the orc!
You kill the orc!
The orc priest casts a cantrip, but nothing happens.
The orc priest mumbles some strange prayers to Beogh against you.
Beogh smites you!
You closely miss the orc. The orc barely misses you.
The orc closely misses you. The orc attacks as you move away!
The orc hits you with a +0 short sword. The orc hits you but does no damage.
You slash the orc!
You kill the orc!
The orc hits you but does no damage. The orc hits you but does no damage. x2
You slash the orc!
The orc is almost dead.
The orc hits you but does no damage.
The orc priest calls upon Beogh to heal the orc.
The orc is healed somewhat.
The orc hits you from afar with a +0 trident.
The orc priest calls upon Beogh to heal the orc.
The orc's wounds heal themselves!
The orc barely misses you. The orc hits you but does no damage.
Things that are here:
a +0 dagger; an orc corpse
There is a stone staircase leading up here.
The orc closely misses you.
The orc priest mumbles some strange prayers to Beogh against you.
Beogh smites you!
* * * LOW HITPOINT WARNING * * *
You can't go down here!
The orc priest invokes the aid of Beogh against you.
Beogh smites you!
You die...

#o.o...#
.......####)#
##..#.. #.#
#. #.. #o#
#o. #.# ...
#o# .#.# #o#
.#. #.# #@#
###


You could see 2 orc priests and an orc.

Vanquished Creatures
  An iguana (D:3)
  2 adders (D:3)
  2 dart slugs
  5 orcs
  2 ball pythons
  7 endoplasms
  2 giant cockroaches
  2 goblins
  2 hobgoblins (D:1)
  3 jackals (D:3)
  3 quokkas
  6 bats
  2 frilled lizards
  A kobold (D:1)
  8 rats
48 creatures vanquished.

Vanquished Creatures (others)
  3 fungi (D:1)
3 creatures vanquished.

Grand Total: 51 creatures vanquished

Notes
Turn   | Place    | Note
-------+----------+-------------------------------------------
     0 | D:1      | Azfaa the Human Fighter began the quest for the Orb.
     0 | D:1      | Reached XP level 1. HP: 18/18 MP: 1/1
    94 | D:1      | Reached XP level 2. HP: 9/24 MP: 2/2
   148 | D:1      | Gained mutation: Your spells are a little easier to cast,
                  | but a little less powerful. [potion of mutation]
   148 | D:1      | Gained mutation: You are agile. (Dex +4, Str/Int -1)
                  | [potion of mutation]
   148 | D:1      | Gained mutation: You have large cloven feet. [potion of
                  | mutation]
   317 | D:1      | Reached XP level 3. HP: 29/29 MP: 3/3
   807 | D:2      | You fall into a shaft and drop 1 floor!
   830 | D:3      | Found a faded altar of an unknown god.
   838 | D:3      | Prayed at the altar of an unknown god.
   838 | D:3      | Became a worshipper of Cheibriados the Contemplative
   838 | D:3      | Reached * piety under Cheibriados
  1058 | D:3      | Fell from the grace of Cheibriados
  1122 | D:3      | Reached skill level 1 in Spellcasting
  1122 | D:3      | Reached XP level 4. HP: 25/35 MP: 5/5
  1149 | D:3      | HP: 1/35 [dart slug (2)]
  1466 | D:4      | Reached XP level 5. HP: 41/41 MP: 7/7
  1501 | D:4      | Killed from afar by an orc priest

Illustrated notes

Levels and vault maps discovered:
D:1:      zelgadis_glass_arrival_small, layout_loops_ring,
          dreamdust_mushroom_princess, st_stairs_7
D:2:      minmay_alternating_diamond, layout_loops_cross, basic_altar
D:3:      minmay_chambers_of_twos, layout_loops_ring,
          nicolae_overflow_two_pavilions, shapermc_ecumenical_altar_venn,
          minmay_joined_circles
D:4:      layout_basic, serial_shops, shop_scrolls, minmay_small_thing,
          uniq_sigmund, uniq_ijyb

Skill      XL: |  1  2  3  4 |
---------------+-------------+-----
Spellcasting   | 1 |  1.4
Long Blades    | 3 |  3.4
Fighting       | |  3.3
Armour         | |  3.4
Shields        | |  3.3

Action                     |  1- 3 |  4- 6 || total
---------------------------+-------+-------++-------
  Melee: Long sword        |    89 |    25 ||   114
         Kick              |    12 |       ||    12
 Invoke: Renounce Religion |     1 |       ||     1
    Use: Scroll            |     8 |     1 ||     9
         Potion            |     2 |     2 ||     4
 Armour: Scale mail        |    60 |     7 ||    67
         Chain mail        |       |    12 ||    12
  Dodge: Dodged            |    51 |    13 ||    64
  Block: Buckler           |    31 |    11 ||    42

Table legend: (Time is in decaauts)
 A = Elapsed time spent in this place.
 B = Non-inter-level travel time spent in this place.
 C = Inter-level travel time spent in this place.
 D = Time resting spent in this place.
 E = Time spent auto-exploring this place.
 F = Levels seen in this place.
 G = Mean time per level.
                   A        B        C        D        E       F      G
               +--------+--------+--------+--------+--------+-----+--------+
         Total |   1687 |   1687 |      0 |    292 |     27 |   4 |  421.8 |
       Dungeon |   1687 |   1687 |      0 |    292 |     27 |   4 |  421.8 |
               +--------+--------+--------+--------+--------+-----+--------+

Top non-repeatable levels by time:
     D:3: 807 daAuts
     D:1: 770 daAuts
     D:4: 55 daAuts
     D:2: 52 daAuts
